 Seeded DCSS version 0.30.1-9-gdf580d7c3d (webtiles) character file.

Game seed: 6351066067085065685 (custom seed)

164 Esekla the Magician (level 5, -2/27 (28) HPs)
             Began as a Deep Elf Wanderer on Oct 20, 2023.
             Was a Follower of Vehumet.
             Slain by an iguana (11 damage)
             ... on level 5 of the Dungeon on Oct 21, 2023.
             The game lasted 00:21:51 (2516 turns).

Esekla the Magician (Deep Elf Wanderer)             Turns: 2516, Time: 00:21:52

HP:   -2/27 (28)    AC:  4    Str: 11    XL:     5   Next: 21%
MP:   10/15         EV: 11    Int: 20    God:    Vehumet [*.....]
Gold: 182           SH:  4    Dex: 14    Spells: 8/15 levels left

rFire   . . .        s - +5 rapier of the Hero {heavy, rN+ Dex+3}
rCold   . . .        d - +0 buckler
rNeg    + . .        c - +0 robe
rPois   .            n - +0 helmet
rElec   .            (no cloak)
rCorr   .            l - +0 pair of gloves
SInv    .            (no boots)
Will    .....        B - amulet of magic regeneration
Stlth   ++           (no ring)
HPRegen 0.24/turn    (no ring)
MPRegen 0.54/turn

%: no passive effects
@: very slightly contaminated, lightly drained
A: no striking features
a: Renounce Religion


You were on level 5 of the Dungeon.
You worshipped Vehumet.
Vehumet was aware of your devotion.
You visited 1 branch of the dungeon, and saw 6 of its levels.

You collected 182 gold pieces.

Inventory:

Hand Weapons
 a - a +1 short sword of freezing
 r - a +0 spear
 s - the +5 rapier of the Hero (weapon) {heavy, rN+ Dex+3}
   (You found it on level 3 of the Dungeon)

   Dex:       It affects your dexterity (+3).
   rN:        It protects you from negative energy.
Missiles
 w - 7 poisoned darts (quivered)
Armour
 c - a +0 robe (worn)
 d - a +0 buckler (worn)
 l - a +0 pair of gloves (worn)
 n - a +0 helmet (worn)
Jewellery
 B - an amulet of magic regeneration (around neck)
Wands
 f - a wand of roots (16)
Scrolls
 g - a scroll of identify {unknown}
 i - a scroll of fear
 j - a scroll of enchant weapon {unknown}
 p - a scroll of amnesia {unknown}
 q - a scroll of immolation {unknown}
 t - a scroll of fog {unknown}
 v - a scroll of blinking {unknown}
 y - a scroll of enchant armour {unknown}
 z - a scroll of silence {unknown}
 A - a scroll of magic mapping {unknown}
Potions
 b - a potion of lignification
 e - a potion of ambrosia {unknown}
 h - a potion of heal wounds {unknown}
 k - 2 potions of attraction {unknown}
 m - 2 potions of curing {unknown}
 o - a potion of mutation {unknown}
 u - 3 potions of brilliance {unknown}
 x - a potion of haste {unknown}


   Skills:
 + Level 0.7 Short Blades
 + Level 0.8 Throwing
 * Level 2.1 Dodging
 + Level 1.2 Stealth
 + Level 1.6 Shields
 * Level 5.9 Spellcasting
 + Level 1.1 Conjurations
 * Level 2.7 Necromancy
 + Level 2.6 Translocations
 + Level 1.0 Invocations


You had 8 spell levels left.
You knew the following spells:

 Your Spells              Type           Power      Damage    Failure   Level
a - Magic Dart            Conj           40%        1d5       10%         1
b - Blink                 Tloc           32%        N/A       8%          2
d - Vampiric Draining     Necr           16%        2d7       16%         3
p - Apportation           Tloc           32%        N/A       5%          1

Your spell library contained the following spells:

 Spells                   Type           Power      Damage    Failure   Level
 Sandblast                Erth           10%        2d5       16%         1
 Lesser Beckoning         Tloc           32%        N/A       8%          2
 Gell's Gravitas          Tloc           16%        N/A       16%         3
 Teleport Other           Tloc           16%        N/A       16%         3
 Ignite Poison            Fire/Tmut/Pois 5%         N/A       43%         3
 Spider Form              Tmut/Pois      5%         N/A       43%         3
 Cause Fear               Hex            2%         N/A       83%         4
 Summon Mana Viper        Hex/Summ       5%         N/A       99%         5


Dungeon Overview and Level Annotations

Branches:
Dungeon (6/15)
 Temple: D:4-7

Altars:
Dithmenos
Hepliaklqana
Okawaru
Qazlal
Trog
Vehumet
Zin

Shops:
D:2 =


Message History

The adder misses you. The adder bites you but does no damage.
You hit the adder.
The adder is almost dead.
You block the adder's attack. The adder closely misses you.
The adder bites you.
You are poisoned.
The adder poisons you!
Casting: Magic Dart (safe; 10% risk of failure)
Confirm with . or Enter, or press ? or * to list all spells.
Aiming: Magic Dart (safe; 10% risk of failure)
Press: ? - help, Shift-Dir - straight line, f/p - adder
Aim: an adder (almost dead, 100% to hit)
The magic dart hits the adder.
You kill the adder!
Vehumet accepts your kill.
You feel sick.
You hit the iguana.
The iguana is almost dead.
You feel sick. The iguana closely misses you. The iguana completely misses you.
Your magical contamination has completely faded away.
Casting: Magic Dart (safe; 10% risk of failure)
Confirm with . or Enter, or press ? or * to list all spells.
The spell is quite dangerous to miscast (16% risk of failure)!
Continue anyway?
Aiming: Vampiric Draining (quite dangerous; 16% risk of failure)
Press: ? - help, Shift-Dir - straight line, f - iguana
Aim: an iguana (almost dead)
You miscast Vampiric Draining.
You are very lightly contaminated with residual magic.
You convulse helplessly as pain tears through your body.
You partially resist.
You feel drained.
You feel sick.
You are no longer poisoned.
The iguana bites you!
Casting: Vampiric Draining (quite dangerous; 16% risk of failure)
Confirm with . or Enter, or press ? or * to list all spells.
The spell is quite dangerous to miscast (16% risk of failure)!
Continue anyway?
Aiming: Vampiric Draining (quite dangerous; 16% risk of failure)
Press: ? - help, Shift-Dir - straight line, f/p - iguana
Aim: an iguana (almost dead)
You miscast Vampiric Draining.
Nothing appears to happen.
The iguana bites you!
You die...

.# #..####
#..#..<..#
+###..#
##....#####
_###..# ##.(..#
+###..#####
######.....#
#.#....#
#.......S..#
#..###.#
#.####.....#
..... #.# #.#
##...## #.#.#.
#.###.######.##
#.....
#.......@l...#
#####.
#####.########
#. #.# .. #.#
#.# #.# #.# .#


You could see an iguana.

Vanquished Creatures
  A hound (D:3)
  An iguana (D:2)
  3 gnolls
  3 adders
  2 dart slugs
  3 orcs (D:3)
  4 endoplasms
  8 goblins
  3 hobgoblins
  A quokka (D:1)
  6 ball pythons
  4 bats
  4 frilled lizards
  5 kobolds
  A rat (D:2)
49 creatures vanquished.

Notes
Turn   | Place    | Note
-------+----------+-------------------------------------------
     0 | D:1      | Esekla the Deep Elf Wanderer began the quest for the Orb.
     0 | D:1      | Esekla set off with the following items: a +0 club, a
                  | potion of lignification, a +0 robe, a +0 buckler; and the
                  | following spells available to memorise: Apportation, Blink,
                  | Lesser Beckoning, Magic Dart, Ignite Poison, Vampiric
                  | Draining.
     0 | D:1      | Reached XP level 1. HP: 10/10 MP: 7/7
     2 | D:1      | Learned a level 1 spell: Magic Dart
     4 | D:1      | Learned a level 1 spell: Apportation
   267 | D:2      | Found Renulab's Jewellery Shop.
   339 | D:3      | You fall into a shaft and drop 3 floors!
   345 | D:6      | Noticed a jelly
   349 | D:5      | Entered Level 5 of the Dungeon
   377 | D:5      | Noticed an iguana
   411 | D:5      | Noticed a hound
   413 | D:5      | Noticed a hound
   417 | D:5      | Noticed an iguana
   492 | D:4      | Found a radiant altar of Vehumet.
   514 | D:4      | Found an iron altar of Okawaru.
   525 | D:4      | Found a glowing silver altar of Zin.
   609 | D:4      | Became a worshipper of Vehumet
   828 | D:3      | Reached XP level 2. HP: 12/15 MP: 3/9
   831 | D:3      | Learned a level 2 spell: Blink
   946 | D:3      | Identified the +5 rapier of the Hero {heavy, rN+ Dex+3}
  1130 | D:1      | Reached skill level 5 in Spellcasting
  1177 | D:1      | Reached * piety under Vehumet
  1177 | D:1      | Offered knowledge of Sandblast by Vehumet.
  1193 | D:1      | Reached skill level 1 in Dodging
  1218 | D:1      | Reached skill level 1 in Necromancy
  1221 | D:1      | Reached XP level 3. HP: 19/19 MP: 5/11
  1225 | D:1      | Learned a level 3 spell: Vampiric Draining
  1399 | D:2      | Reached skill level 1 in Conjurations
  1730 | D:2      | Found a faded altar of an unknown god.
  1763 | D:2      | Reached XP level 4. HP: 24/24 MP: 10/13
  1799 | D:2      | Noticed a black bear
  2166 | D:3      | Found a hazy altar of Hepliaklqana.
  2168 | D:3      | Found a bloodstained altar of Trog.
  2169 | D:3      | Found a stormy altar of Qazlal.
  2180 | D:3      | Reached XP level 5. HP: 23/28 MP: 8/15
  2442 | D:5      | Got the Parchment of the Lumpy Olives
  2470 | D:5      | Found a shadowy altar of Dithmenos.
  2516 | D:5      | Slain by an iguana

Illustrated notes

Levels and vault maps discovered:
D:1:      sevenhm_arrival_forest_fort_small_3, layout_rooms,
          chequers_serial_rivers_room_b, minmay_misc_feat_five
D:2:      layout_loops_ring, dreamdust_ecumenical_altar_angels_and_demons,
          serial_shops, shop
D:3:      layout_basic, grunt_temple_overflow_open, minmay_misc_feat_iff
D:4:      layout_basic, nicolae_overflow_quartered_altars, serial_shops,
          nicolae_diamond_shop
D:5:      layout_loops_ring, lemuel_doored_altar, minmay_misc_feat_rows,
          dreamdust_wishing_well
D:6:      layout_loops_cross, fedhas_altar_fruit_tree,
          minmay_temple_entry_glass, uniq_pikel, uniq_blork_the_orc

Skill      XL: |  1  2  3  4 |
---------------+-------------+-----
Spellcasting   | 5 |  5.9
Dodging        | 1 2 |  2.1
Necromancy     | 1 2 |  2.7
Conjurations   | 1 |  1.1
Short Blades   | |  0.7
Throwing       | |  0.8
Stealth        | |  1.2
Shields        | |  1.6
Translocations | |  2.6
Invocations    | |  1.0

Action                     |  1- 3 |  4- 6 || total
---------------------------+-------+-------++-------
  Melee: Short sword       |    17 |       ||    17
         Rapier            |    34 |    15 ||    49
  Throw: Dart              |     7 |     2 ||     9
   Cast: Apportation       |    29 |     7 ||    36
         Magic Dart        |    54 |     9 ||    63
         Vampiric Draining |     1 |     5 ||     6
         Blink             |     1 |       ||     1
    Use: Scroll            |     1 |       ||     1
   Stab: Sleeping          |     1 |       ||     1
 Armour: Robe              |    19 |     6 ||    25
  Dodge: Dodged            |    39 |    14 ||    53
  Block: Buckler           |     6 |     2 ||     8
